 Dungeon Crawl Stone Soup version 0.17-a0-1738-g82cdc46 (webtiles) character file.

625 poirepourri the Magician (level 7, -2/48 HPs)
             Began as a Demonspawn Wizard on Aug 30, 2015.
             Shot with an arrow by a centaur (8 damage)
             ... on level 5 of the Dungeon.
             The game lasted 00:20:50 (8530 turns).

poirepourri the Magician (Demonspawn Wizard)        Turns: 8530, Time: 00:20:50

Health: -2/48      AC:  7    Str:  8    XL:     7   Next: 23%
Magic:  0/14       EV: 12    Int: 21    God:
Gold:   70         SH:  0    Dex: 11    Spells: 6 memorised, 4 levels left

rFire  . . .     SeeInvis .     k - +0 hand axe
rCold  . . .     Clarity  .     a - +1 robe
rNeg   . . .     SustAt   .     (no shield)
rPois  .         Gourm    .     b - +0 hat
rElec  .         Spirit   +     e - +0 cloak
rCorr  .         Warding  .     (no gloves)
rMut   .         Stasis   .     (no boots)
MR     .....                    (no amulet)
Stlth  ++........               (no ring)
                                (no ring)

@: not resistant to hostile enchantments, unstealthy
A: horns 2, icy blue scales 2, magic shield
a: no special abilities


You were on level 5 of the Dungeon.
You were not hungry.

You visited 1 branch of the dungeon, and saw 5 of its levels.

You collected 174 gold pieces.
You spent 104 gold pieces at shops.

Inventory:

Hand weapons
 k - a +0 hand axe (weapon)
Armour
 a - a +1 robe (worn)
 b - a +0 hat (worn)
 e - a +0 cloak (worn)
Magical devices
 h - a wand of random effects (12)
 l - a wand of fire (13)
 s - a wand of digging (20)
Scrolls
 f - 2 scrolls of blinking
 g - 3 scrolls of remove curse
 n - a scroll of enchant armour
 o - a scroll of magic mapping
 p - a scroll of recharging
Potions
 i - 2 potions of flight
 j - 2 potions of lignification
 q - 2 potions of magic {unknown}
 r - a potion of invisibility
Books
 c - a book of Minor Magic

   Spells                             Type                      Level
   a - Magic Dart                     Conjuration                  1
   b - Blink                          Translocation                2
   c - Call Imp                       Summoning                    2
   d - Repel Missiles                 Charms/Air                   2
   e - Slow                           Hexes                        2
   f - Conjure Flame                  Conjuration/Fire             3
   g - Mephitic Cloud                 Conjuration/Poison/Air       3
Comestibles
 d - 2 bread rations
 m - 2 fruits


   Skills:
 + Level 1.6 Fighting
 + Level 3.6 Dodging
 + Level 2.3 Stealth
 + Level 5.2 Spellcasting
 + Level 2.3 Conjurations
 + Level 3.7 Summonings
 - Level 1.0 Translocations
 - Level 0.1 Fire Magic


You had 4 spell levels left.
You knew the following spells:

 Your Spells              Type           Power        Failure   Level  Hunger
a - Magic Dart            Conj           ###.         4%          1    None
b - Blink                 Tloc           N/A          12%         2    None
c - Call Imp              Summ           ###.....     3%          2    None
d - Repel Missiles        Chrm/Air       #.....       17%         2    None
e - Slow                  Hex            #.......     17%         2    None
f - Conjure Flame         Conj/Fire      ##......     21%         3    ##.....


Dungeon Overview and Level Annotations

Branches:
Dungeon (5/15)
 Temple: D:4-7

Altars:

Shops:
D:4 !   D:5 }


Innate Abilities, Weirdness & Mutations

You have a pair of horns on your head.
You are mostly covered in icy blue scales (AC +3, EV -1).
When hurt, damage is shared between your health and your magic reserves.


Message History

Casting: Call Imp
Confirm with . or Enter, or press ? or * to list all spells.
Aiming: Magic Dart
Press: ? - help, Shift-Dir - straight line, f/p - phantom
Aim: a phantom (moderately damaged)
The magic dart hits the crimson imp.
The crimson imp is lightly wounded.
The centaur hits you.
* * * LOW HITPOINT WARNING * * *
The crimson imp blinks!
The centaur hits you but does no damage.
The centaur closely misses you.
The centaur wields an uncursed shortbow.
The centaur shoots an arrow.
The arrow misses you.
You see here an arrow.
The centaur shoots an arrow.
The arrow hits you.
* * * LOW HITPOINT WARNING * * *
The crimson imp barely misses you.
The centaur shoots an arrow.
The arrow hits you!
You die...

### .....# .# ......
. ......# #. .......
.# .......## .#
........# ##.#
#.......## #..#
#........#####@###
.........##.W.(5.###
##........((c...(..##
####...............##
####.............#
#........([....# ###
#...............#
#.###
#...............#
##...#
#...............#
#.....


You could see a phantom, a centaur and a crimson imp.

Vanquished Creatures
  A sky beast (D:5)
  3 scorpions (D:4)
  A hound (D:4)
  A worker ant (D:4)
  Robin (D:3)
  6 adders
  A shadow imp (D:5)
  2 oozes
  2 worms
  6 giant geckos
  12 orcs
  A ball python (D:3)
  13 bats
  9 giant cockroaches
  12 goblins
  11 hobgoblins
  2 jackals (D:3)
  6 giant newts
  7 kobolds
  A quokka zombie (D:3)
  15 rats
  A fungus (D:4)
114 creatures vanquished.

Vanquished Creatures (collateral kills)
  3 scorpions (D:4)
  2 orc wizards
  An orc priest (D:4)
  3 adders
  4 worms
  3 orcs
  A giant cockroach (D:4)
  3 bats (D:4)
  A giant newt (D:2)
  2 goblins
  A goblin zombie (D:4)
  A jackal skeleton (D:4)
  A quokka skeleton (D:4)
  A rat (D:2)
27 creatures vanquished.

Vanquished Creatures (others)
  3 fungi (D:4)
  A plant (D:3)
4 creatures vanquished.

Grand Total: 145 creatures vanquished

Notes
Turn   | Place    | Note
--------------------------------------------------------------
     0 | D:1      | poirepourri the Demonspawn Wizard began the quest for the Orb.
     0 | D:1      | Reached XP level 1. HP: 13/13 MP: 4/4
   589 | D:1      | Gained mutation: You have a pair of small horns on your head. [demonic ancestry]
   589 | D:1      | Reached XP level 2. HP: 1/19 MP: 0/6
  2099 | D:1      | Gained mutation: When hurt, damage is shared between your health and your magic reserves. [demonic ancestry]
  2099 | D:1      | Reached XP level 3. HP: 24/24 MP: 6/8
  2279 | D:1      | Learned a level 2 spell: Blink
  2282 | D:1      | Learned a level 2 spell: Call Imp
  2285 | D:1      | Learned a level 2 spell: Repel Missiles
  2288 | D:1      | Learned a level 2 spell: Slow
  3179 | D:2      | Gained mutation: You have a pair of horns on your head. [demonic ancestry]
  3179 | D:2      | Reached XP level 4. HP: 10/30 MP: 1/9
  4253 | D:3      | Reached skill level 4 in Spellcasting
  4820 | D:3      | Gained mutation: You are partially covered in icy blue scales (AC +1). [demonic ancestry]
  4820 | D:3      | Reached XP level 5. HP: 29/35 MP: 3/11
  5044 | D:3      | Learned a level 3 spell: Conjure Flame
  5064 | D:3      | Noticed Robin
  5133 | D:3      | Killed Robin
  5138 | D:3      | Reached skill level 1 in Translocations
  6457 | D:4      | Found a sand-covered staircase.
  6464 | D:4      | Found Wahome's Distillery.
  6472 | D:4      | Bought a potion of brilliance for 52 gold pieces
  6472 | D:4      | Bought a potion of agility for 52 gold pieces
  6487 | D:4      | Reached skill level 1 in Fighting
  6898 | D:4      | Reached XP level 6. HP: 38/43 MP: 6/12
  7313 | D:4      | HP: 2/43 [poisoned by a scorpion]
  7563 | D:4      | Reached skill level 5 in Spellcasting
  7888 | D:4      | Gained mutation: You are mostly covered in icy blue scales (AC +3, EV -1). [demonic ancestry]
  7888 | D:4      | Reached XP level 7. HP: 48/48 MP: 6/14
  8067 | D:5      | Entered Level 5 of the Dungeon
  8271 | D:5      | Found Nunaebb's Quality Used Wands.
  8530 | D:5      | Shot with an arrow by a centaur

Vault maps used:
D:1:      saegor_arrival_simple_d
D:3:      first_bread, serial_bayou_lake_a, uniq_robin
D:4:      old_forge, enter_ossuary_3, serial_shops, shop, minivault_26
D:5:      basic_altar, portal_sewer_entry_e, nicolae_for_you_no_charge

Action                   |  1- 3 |  4- 6 |  7- 9 || total
-------------------------+-------+-------+-------++-------
Melee: Unarmed           |    37 |       |       ||    37
       Hand axe          |    18 |   114 |     8 ||   140
       Dagger            |     9 |       |       ||     9
 Cast: Magic Dart        |   113 |   117 |    34 ||   264
       Call Imp          |    14 |    28 |     4 ||    46
       Conjure Flame     |       |     7 |       ||     7
       Blink             |       |     7 |       ||     7
       Slow              |       |     1 |     1 ||     2
       Repel Missiles    |       |     1 |       ||     1
  Use: Scroll            |     3 |     6 |       ||     9
       Potion            |     3 |     4 |       ||     7
 Stab: Distracted        |       |     1 |       ||     1
  Eat: Bread ration      |     1 |     3 |       ||     4
       Meat ration       |     1 |       |       ||     1
       Pizza             |       |     1 |       ||     1
       Beef jerky        |       |     1 |       ||     1
